[Event "Early-Titled-Tuesday-Blitz-October-10-2023"]
[Site "Chess.com"]
[Date "2023.10.10"]
[Round "11"]
[White "Larina_Maria"]
[Black "queen_iryna"]
[Result "1/2-1/2"]
[WhiteElo "2206"]
[BlackElo "2316"]
[TimeControl "180+1"]
[EndTime "10:04:56 PDT"]
[Termination "Game drawn by repetition"]

1. e4 d6 2. d4 Nf6 3. Nc3 e5 4. Nf3 Nbd7 5. dxe5 dxe5 6. Bc4 Bb4 7. O-O O-O 8. Nd5 Bd6 9. Re1 Nxd5 10. Bxd5 Qe7 11. Bg5 Nf6 12. Bc4 Be6 13. Bxe6 Qxe6 14. c3 h6 15. Bh4 Rad8 16. Qb3 Qxb3 17. axb3 g5 18. Bg3 Rfe8 19. Rxa7 b6 20. Rea1 Nd7 21. b4 f6 22.
h4 Kf7 23. Rd1 Ke6 24. Nd2 Ra8 25. Rda1 Rxa7 26. Rxa7 Nb8 27. b5 Nd7 28. Nc4 Nc5 29.
f3 Nd3 30. hxg5 hxg5 31. b4 Rh8 32. Rb7 Ra8 33. Kh2 Ra2 34. Ne3 Ra3 35. Nd5 Rb3 36.
Nxc7+ Bxc7 37. Rxc7 Ra3 38. Rc6+ Kf7 39. c4 Rc3 40. Rxb6 Rxc4 41. Rb7+ Ke6 42. Rb6+ Kf7 43.
Rb7+ Ke6 44. Rb6+ Kf7 1/2-1/2

[Event "Early-Titled-Tuesday-Blitz-October-10-2023"]
[Site "Chess.com"]
[Date "2023.10.10"]
[Round "11"]
[White "Austen48"]
[Black "NovikovaGalina"]
[Result "1-0"]
[WhiteElo "2313"]
[BlackElo "2412"]
[TimeControl "180+1"]
[EndTime "10:04:58 PDT"]
[Termination "Austen48 won by checkmate"]

1. d4 e5 2. dxe5 d6 3. Nf3 Nc6 4. Bg5 f6 5. exf6 Nxf6 6. Nc3 Be7 7. e3 O-O 8. Bc4+ Kh8 9. O-O Bg4 10. Be2 a6 11. h3 Bh5 12. Nd4 Bxe2 13. Ncxe2 Ne5 14.
Ne6 Qd7 15. Nxf8 Rxf8 16. Ng3 Nc4 17. Qd4 Ne5 18. Rad1 Qe6 19. a3 h6 20. Bxf6 Bxf6 21. Qb4 b6 22. Ne4 Be7 23. Qb3 Qg6 24. Ng3 Bh4 25. e4 Qg5 26. Nf5 Ng6 27. Nxh4 Qxh4 28. Qg3 Qxe4 29. Rd3 Ne5 30. Rc3 Rf7 31. Kh2 c5 32. f4 Nc6 33. Qf3 Qxf3 34. Rfxf3 Nd4 35. Rf2 Kg8 36. Re3 Kf8 37. c3 Nf5 38. Re6 Rd7 39. g4 Ne7 40. g5 Kf7 41. Rfe2 Nd5 42. Kg3 hxg5 43. fxg5 g6 44. h4 b5 45. R6e4 a5 46. Rf2+ Kg7 47. Re6 Ne7 48. Rff6 b4 49. Kg4 bxc3 50.
bxc3 d5 51. Rd6 Rb7 52. Rb6 Rd7 53. Rfd6 Rc7 54. Ra6 Nf5 55. Rxg6+ Kf7 56. Kxf5 d4 57. Raf6+ Ke7 58. Rg7+ Kd8 59. Rf8# 1-0

[Event "Early-Titled-Tuesday-Blitz-October-10-2023"]
[Site "Chess.com"]
[Date "2023.10.10"]
[Round "11"]
[White "GeorgiosSouleidis"]
[Black "Smiechu"]
[Result "0-1"]
[WhiteElo "2621"]
[BlackElo "2507"]
[TimeControl "180+1"]
[EndTime "10:04:59 PDT"]
[Termination "Smiechu won on time"]

1. e4 c5 2. Be2 g6 3. d3 Nc6 4.
f4 Bg7 5. Nf3 d6 6. O-O e6 7. c3 Nge7 8. Be3 O-O 9. d4 cxd4 10.
cxd4 d5 11. e5 Qb6 12. Qd2 Bd7 13. Nc3 Rac8 14. Rac1 Na5 15. b3 Qb4 16. g4 Rc7 17. Nb5 Qxd2 18. Bxd2 Rxc1 19. Rxc1 Bxb5 20. Bxb5 Nac6 21.
Kf2 f6 22. Ke2 fxe5 23. fxe5 Rxf3 24. Bxc6 Rh3 25. Bxb7 Rxh2+ 26. Kd3 h5 27. Rc7 Bf8 28. Bg5 Kf7 29. gxh5 gxh5 30. a4 h4 31. Ke3 h3 32. Kf3 Rg2 33. Be3 Rb2 34. Bf4 h2 35.
Rc1 Rxb3+ 36. Kg4 Rxb7 37. Bxh2 Rb4 38. Bg1 Rxa4 39. Rc7 a5 40. Be3 Rc4 41. Ra7 a4 42.
Kf3 Rc3 43. Ke2 a3 44. Kd2 Rb3 45. Bg5 Rg3 46. Bf4 Rg4 47. Be3 a2 48. Kd3 Rg2 49.
Bd2 Kg6 50. Rxa2 Bh6 0-1

[Event "Early-Titled-Tuesday-Blitz-October-10-2023"]
[Site "Chess.com"]
[Date "2023.10.10"]
[Round "11"]
[White "elprimo2012mortis"]
[Black "remi04"]
[Result "1/2-1/2"]
[WhiteElo "2714"]
[BlackElo "2864"]
[TimeControl "180+1"]
[EndTime "10:05:00 PDT"]
[Termination "Game drawn by repetition"]

1. e4 c5 2. Nc3 a6 3. g3 b5 4. Bg2 Bb7 5. d3 e6 6. Nh3 Nf6 7. O-O d5 8. exd5 b4 9. Ne4 Nxd5 10. Nf4 Be7 11. h4 O-O 12. Nxd5 Bxd5 13. Qe2 Nc6 14. c3 Ne5 15. Rd1 Qc8 16. Bf4 Nd7 17. Nd6 Bxd6 18. Bxd6 Bxg2 19. Bxf8 Qc6 20. cxb4 Rxf8 21.
Rdc1 Bh1 22. Qf1 Bf3 23. bxc5 Ne5 24. d4 Ng4 25. b4 Rd8 26. a4 Qe4 27. b5 Be2 28.
Qe1 Rxd4 29. Ra2 Ne5 30. Rxe2 Nf3+ 31. Kf1 Nh2+ 32. Kg1 Nf3+ 33. Kf1 Qd5 34. Qc3 Nh2+ 35. Kg1 Nf3+ 36. Kf1 Nh2+ 37. Kg1 Nf3+ 38. Kf1 1/2-1/2

[Event "Early-Titled-Tuesday-Blitz-October-10-2023"]
[Site "Chess.com"]
[Date "2023.10.10"]
[Round "11"]
[White "CSB7"]
[Black "secretsuperstar7"]
[Result "1-0"]
[WhiteElo "2737"]
[BlackElo "2455"]
[TimeControl "180+1"]
[EndTime "10:05:02 PDT"]
[Termination "CSB7 won by resignation"]

1. Nf3 d5 2. e3 Nf6 3. c4 e6 4.
Nc3 Be7 5. b3 O-O 6. Bb2 b6 7.
cxd5 exd5 8. d4 c5 9. Be2 Be6 10. O-O Nc6 11. Rc1 h6 12. dxc5 bxc5 13. Na4 Ne4 14.
Nd2 Qa5 15. Nxe4 dxe4 16. Bc3 Nb4 17. a3 Rad8 18. axb4 cxb4 19. Bd4 Qg5 20. Re1 Kh8 21. Qc2 f5 22. Qb2 f4 23. exf4 Qg6 24. Be5 Bh3 25. Bf1 e3 26. Rxe3 Bg4 27. Rg3 Bh4 28. Bxg7+ Kg8 29. Bxf8 Bxg3 30. hxg3 Rxf8 31. Nc5 h5 32. Nd3 Bf5 33. Ne5 Qg7 34. Qd4 h4 35. gxh4 Qf6 36. Rc7 Kh8 37. g3 Bh7 38. Nf3 Qxd4 39. Nxd4 Rd8 40. Ne6 Rd1 41. Rc8+ Bg8 42. Kg2 Kh7 43. Bc4 Bf7 44. Ng5+ 1-0

[Event "Early-Titled-Tuesday-Blitz-October-10-2023"]
[Site "Chess.com"]
[Date "2023.10.10"]
[Round "11"]
[White "Aleksandar-Topalov"]
[Black "Cheer_Down"]
[Result "0-1"]
[WhiteElo "2372"]
[BlackElo "2489"]
[TimeControl "180+1"]
[EndTime "10:05:04 PDT"]
[Termination "Cheer_Down won by resignation"]

1. b3 e5 2. Bb2 Nc6 3. e3 d5 4.
Bb5 Ne7 5. Bxe5 a6 6. Bxc6+ Nxc6 7. Bg3 h5 8. h4 d4 9. e4 d3 10. cxd3 Nb4 11. Nc3 Nxd3+ 12. Kf1 Bc5 13. Qe2 c6 14. Nd5 cxd5 15. Qxd3 dxe4 16. Qxe4+ Be6 17. Nf3 O-O 18. d4 Bd5 19. Qf4 Bxf3 20. Qxf3 Qxd4 21. Rd1 Qb2 22. Qxh5 Rad8 23. Kg1 g6 24. Qf3 Rxd1+ 25. Qxd1 Qxa2 26. h5 g5 27. Qd5 Be7 28. h6 Qb1+ 29. Kh2 Qg6 30. Qd7 Rd8 31. Qh3 Kh7 32. f3 Rd2 33. Re1 Bf8 34. Re8 Bxh6 35. Be5 f6 36. Re7+ Kg8 37. Qc8+ Bf8 38. Re8 Qh7+ 39. Kg1 Qf7 40. Bd6 Rxd6 0-1

[Event "Early-Titled-Tuesday-Blitz-October-10-2023"]
[Site "Chess.com"]
[Date "2023.10.10"]
[Round "11"]
[White "stepanosinovsky"]
[Black "ivana_999"]
[Result "1-0"]
[WhiteElo "2388"]
[BlackElo "2092"]
[TimeControl "180+1"]
[EndTime "10:05:04 PDT"]
[Termination "stepanosinovsky won by checkmate"]

1. Nf3 d5 2. g3 c5 3. Bg2 Nc6 4. O-O Nf6 5. d3 h6 6. Nbd2 Bf5 7.
b3 e6 8. Bb2 Be7 9. e4 dxe4 10.
dxe4 Nxe4 11. Bxg7 Rh7 12. Bb2 Nxd2 13. Nxd2 Bf6 14.
Bxf6 Qxf6 15. Ne4 Qe7 16. Nd6+ Kf8 17. Nxb7 Qxb7 18. Qd6+ Qe7 19. Qxc6 Rd8 20. Rad1 Kg7 21. Rxd8 Qxd8 22. Qxc5 Rh8 23. c4 Qd7 24. Bf3 Rd8 25. Rd1 Qe8 26. Qe5+ Kg8 27. Rxd8 Qxd8 28. Kg2 Qg5 29.
Qb8+ Kg7 30. Qxa7 Qd2 31. a4 Bc2 32. Qe3 Qxe3 33. fxe3 Bxb3 34. c5 Bxa4 35. c6 Kf6 36. c7 Bd7 37. Bb7 Ke5 38. c8=Q Bxc8 39. Bxc8 Ke4 40.
Kf2 Kf5 41. Kf3 Kg5 42. Bd7 Kf6 43. Kf4 Kg6 44. Ke5 Kg5 45. Be8 Kg4 46. Bxf7 Kh3 47. Bxe6+ Kxh2 48. Kf4 Kg2 49. Bf5 Kg1 50. e4 h5 51. e5 h4 52. gxh4 Kh1 53. Kg3 Kg1 54. Bh3 Kh1 55. e6 Kg1 56. e7 Kh1 57. e8=Q Kg1 58. Qd8 Kh1 59. Qd1# 1-0

[Event "Early-Titled-Tuesday-Blitz-October-10-2023"]
[Site "Chess.com"]
[Date "2023.10.10"]
[Round "11"]
[White "FischerKasparow"]
[Black "abelmat"]
[Result "0-1"]
[WhiteElo "2110"]
[BlackElo "1963"]
[TimeControl "180+1"]
[EndTime "10:05:04 PDT"]
[Termination "abelmat won by checkmate"]

1. e4 e6 2. d4 d5 3. Bd3 c5 4. c3 Nc6 5. Nf3 dxe4 6. Bxe4 Nf6 7. Bxc6+ bxc6 8. O-O Be7 9. dxc5 Qxd1 10. Rxd1 Bxc5 11. Ne5 Bb7 12. Bg5 Nd5 13. c4 Nb4 14. Na3 f6 15. Nd7 Bxf2+ 16. Kxf2 fxg5 17. Nc5 Bc8 18. Rd6 O-O+ 19.
Kg1 a5 20. Re1 h6 21. Nxe6 Bxe6 22. Rexe6 Rf4 23. h3 Raf8 24. Rd7 R4f7 25. Ree7 Rxe7 26. Rxe7 Nxa2 27. Ra7 Rf5 28. Ra6 Nb4 29. Ra7 Kh7 30.
Nb1 Nd3 31. b3 h5 32. Nc3 h4 33. Ne4 Nc1 34. Nd2 Ne2+ 35. Kh2 Ng3 36. Rc7 Rf2 37.
Rd7 Kg6 38. Rd6+ Kh7 39. Rd7 Re2 40. c5 Re1 41. Rxg7+ Kxg7 42. Nf3 Rh1# 0-1

[Event "Early-Titled-Tuesday-Blitz-October-10-2023"]
[Site "Chess.com"]
[Date "2023.10.10"]
[Round "11"]
[White "DonCiao"]
[Black "Shivananda1964"]
[Result "0-1"]
[WhiteElo "2097"]
[BlackElo "2407"]
[TimeControl "180+1"]
[EndTime "10:05:05 PDT"]
[Termination "Shivananda1964 won on time"]

1. c4 e5 2. g3 Nf6 3. Bg2 d5 4. cxd5 Nxd5 5. Nf3 Nc6 6. O-O Nb6 7. b3 g6 8. Bb2 Bg7 9. d3 O-O 10. Nbd2 Re8 11. Rc1 h6 12. a3 a5 13. Qc2 Bg4 14. h3 Be6 15. Ne4 Nd7 16. Rfd1 f5 17. Nc3 Qe7 18. e3 Rac8 19. Nd2 Nd8 20. Nd5 Qf7 21. e4 c6 22. Nc3 f4 23. b4 axb4 24. axb4 b5 25. Nxb5 Qe7 26. Qc3 g5 27. Na3 Nb6 28. Qc5 Qxc5 29. bxc5 Na4 30. Ba1 Nb7 31. Nac4 Nbxc5 32.
Nd6 Rcd8 33. Nxe8 Rxe8 34. Nc4 Bxc4 35. dxc4 Nb3 36. Rb1 Nd4 37. Rb7 Nc5 38. Rc7 Ra8 39. Bxd4 exd4 40. Rxc6 Nb3 0-1

[Event "Early-Titled-Tuesday-Blitz-October-10-2023"]
[Site "Chess.com"]
[Date "2023.10.10"]
[Round "11"]
[White "azikom"]
[Black "WelshTiger"]
[Result "1-0"]
[WhiteElo "2603"]
[BlackElo "2441"]
[TimeControl "180+1"]
[EndTime "10:05:07 PDT"]
[Termination "azikom won on time"]

1. d4 Nf6 2. c4 c5 3. d5 e6 4.
Nc3 exd5 5. cxd5 d6 6. Bf4 a6 7.
a4 Nh5 8. Bd2 f5 9. g3 Nf6 10.
Bg2 Be7 11. Nh3 O-O 12. O-O Nbd7 13. Rb1 Rb8 14. b4 cxb4 15. Rxb4 Nc5 16. Nf4 Qa5 17. Qb1 Bd7 18. Rc1 Qd8 19. Be3 a5 20. Rb6 Qc7 21. Bxc5 Qxc5 22. Ne6 Bxe6 23. dxe6 Rfc8 24. e3 Qe5 25.
Ne2 Rxc1+ 26. Qxc1 Qxe6 27. Nd4 Qd7 28. Qc4+ Kh8 29. h3 g6 30. Qb3 d5 31. Rb5 Bb4 32.
Nf3 Ne4 33. Rxd5 Qc6 34. Rd1 Nc3 35. Rd3 Rc8 36. Nd4 Qc4 37. Qxc4 Rxc4 38. Bxb7 Nxa4 39.
Ne6 Kg8 40. Rd7 1-0

[Event "Early-Titled-Tuesday-Blitz-October-10-2023"]
[Site "Chess.com"]
[Date "2023.10.10"]
[Round "11"]
[White "Man-Chuk"]
[Black "LeninGuerra"]
[Result "1/2-1/2"]
[WhiteElo "2754"]
[BlackElo "2612"]
[TimeControl "180+1"]
[EndTime "10:05:08 PDT"]
[Termination "Game drawn - insufficient material"]

1. e4 c5 2. Nf3 e6 3. d4 cxd4 4. Nxd4 Nc6 5. Nc3 Qc7 6. Be3 a6 7. Qf3 Nxd4 8. Bxd4 Ne7 9. Qg3 Qxg3 10. hxg3 b5 11. f3 Bb7 12. O-O-O d5 13. exd5 Nxd5 14. Bd3 h6 15. Be4 O-O-O 16. Bxd5 Bxd5 17. Bb6 Rd7 18. Nxd5 exd5 19. Rhe1 Bd6 20. g4 h5 21. gxh5 Rxh5 22.
Be3 Rh2 23. Rxd5 Rxg2 24. Red1 Rc7 25. R1d2 Rxd2 26. Kxd2 Be7 27. a4 Rd7 28. Rxd7 Kxd7 29. axb5 axb5 30. Kd3 f5 31. c4 bxc4+ 32. Kxc4 g5 33. b4 g4 34. f4 Bd6 35. b5 g3 36.
b6 g2 37. b7 Kc6 38. Kd4 Bxf4 39. Bg1 Kxb7 40. Kd5 Bg3 41. Kd4 Kc6 42. Ke3 Kd5 43. Kf3 Be5 44. Kxg2 Ke4 45. Bb6 f4 46. Kf1 Bd4 47.
Bc7 f3 48. Bd8 f2 49. Bh4 Kf3 50. Bxf2 1/2-1/2

[Event "Early-Titled-Tuesday-Blitz-October-10-2023"]
[Site "Chess.com"]
[Date "2023.10.10"]
[Round "11"]
[White "Krlence"]
[Black "Iskusnyh"]
[Result "0-1"]
[WhiteElo "2440"]
[BlackElo "2582"]
[TimeControl "180+1"]
[EndTime "10:05:09 PDT"]
[Termination "Iskusnyh won by resignation"]

1. e4 e6 2. d4 d5 3. exd5 exd5 4.
Nf3 Nf6 5. Bd3 c5 6. dxc5 Bxc5 7. h3 O-O 8. O-O Nc6 9. Nbd2 Bb6 10.
Nb3 Ne4 11. Bf4 Qf6 12. Qc1 h6 13. c3 Bf5 14. Nbd4 Nxd4 15. cxd4 Ng3 16. Bxg3 Bxd3 17. Be5 Qg6 18. Re1 Be4 19. Qe3 f6 20. Bg3 Rfe8 21.
Qb3 Qf5 22. Rac1 Bxf3 23. gxf3 Kh7 24. Kg2 h5 25. h4 Kg6 26. Rxe8 Rxe8 27. Qc3 Re7 28.
Re1 Rxe1 29. Qxe1 Kf7 30. Qb4 Qd7 31. a4 Qc6 32. a5 Bd8 33. b3 Be7 34. Qd2 a6 35.
Qf4 Qe6 36. Qc7 Qc6 37. Qf4 Bf8 38. Qf5 g6 39. Qd3 Be7 40. f4 Qe6 41. Qc3 Qd7 42.
Qd3 Bd8 43. Qc3 Qc6 44. f5 Qxc3 0-1

[Event "Early-Titled-Tuesday-Blitz-October-10-2023"]
[Site "Chess.com"]
[Date "2023.10.10"]
[Round "11"]
[White "Alonmindlin"]
[Black "JimDiGrease"]
[Result "1-0"]
[WhiteElo "2737"]
[BlackElo "2898"]
[TimeControl "180+1"]
[EndTime "10:05:10 PDT"]
[Termination "Alonmindlin won on time"]

1. d4 d5 2. c4 e6 3. Nc3 c6 4. e3 Nf6 5. Nf3 Nbd7 6. Bd3 dxc4 7.
Bxc4 b5 8. Bd3 Bb7 9. O-O a6 10. Qe2 c5 11. b3 cxd4 12. exd4 Bd6 13. Bg5 O-O 14. a4 b4 15. Ne4 Be7 16. Rac1 h6 17.
Bf4 Bd5 18. Nxf6+ Nxf6 19. Ne5 Bxb3 20. Nc6 Qd7 21. Nxe7+ Qxe7 22. Rc7 Qd8 23. Be5 Bd5 24. Rfc1 Ne8 25. R7c5 b3 26. Bb1 Nf6 27. f3 Nd7 28. Qd3 g6 29. Rc7 Nxe5 30. dxe5 Qg5 31. Re1 Rac8 32.
Rc3 Rxc3 33. Qxc3 Qf4 34. Be4 Rb8 35. Bxd5 exd5 36. e6 fxe6 37. Rxe6 Qf7 38. Qe5 Rf8 39. Qxd5 b2 40. Rxg6+ Kh7 41. Qxf7+ Rxf7 42. Rb6 Rf4 43. Rxb2 Rxa4 44. Rb6 a5 45. Ra6 Ra2 46. h3 a4 47. Kh2 a3 48. h4 Ra1 49. Kg3 a2 50. Kf4 Rh1 51. Ra7+ Kg6 52. Ra6+ Kg7 53. Rxa2 Rxh4+ 54. g4 Rh3 55. Ra3 Kg6 56. Ra6+ Kg7 57. Rb6 Kh7 58.
Rb3 Kg6 59. Rc3 Kf6 60. Rd3 Kg6 61. Ke4 Rh1 62. Rd6+ Kg7 63. Kf5 Rc1 64. Rd7+ Kg8 65. f4 Rc5+ 66. Kg6 Rc6+ 67. Kh5 Rc4 68. f5 Rf4 69. Rc7 Kf8 70. Rh7 1-0

[Event "Early-Titled-Tuesday-Blitz-October-10-2023"]
[Site "Chess.com"]
[Date "2023.10.10"]
[Round "11"]
[White "Russian_berezka"]
[Black "Grossboss19"]
[Result "1-0"]
[WhiteElo "2661"]
[BlackElo "2525"]
[TimeControl "180+1"]
[EndTime "10:05:10 PDT"]
[Termination "Russian_berezka won on time"]

1. d4 d6 2. Nf3 Nf6 3. c4 g6 4. Nc3 Bg7 5. e4 O-O 6. Be2 e5 7. O-O Nc6 8. d5 Ne7 9. Ne1 Ne8 10. Nd3 f5 11. f3 h5 12. b4 a5 13. bxa5 Rxa5 14. a4 b6 15. Nb5 Nf6 16. Nf2 Ra8 17. Bd2 Rf7 18. a5 Nd7 19. axb6 Rxa1 20. bxc7 Qxc7 21.
Qxa1 Qb6 22. Qa7 Qxa7 23. Nxa7 Ba6 24. Ra1 Nc5 25. Bb4 Bb7 26. Nb5 Nc8 27. Nxd6 Nxd6 28. Bxc5 Bf8 29. Be3 f4 30. Bc1 Rc7 31. Ra4 Nb5 32.
Bb2 Nd4 33. Bd1 Bc5 34. Kf1 Bb6 35. Nd3 Re7 36. c5 Bd8 37. c6 Nxc6 38. dxc6 Bxc6 39. Ra6 Bb5 40. Rxg6+ Kh7 41. Rd6 Bc7 42. Rd5 Bc4 43. Bc2 Bxd5 44. exd5 Rd7 45. Nxe5+ 1-0

[Event "Early-Titled-Tuesday-Blitz-October-10-2023"]
[Site "Chess.com"]
[Date "2023.10.10"]
[Round "11"]
[White "Alenzer"]
[Black "nitpicker"]
[Result "0-1"]
[WhiteElo "2115"]
[BlackElo "2271"]
[TimeControl "180+1"]
[EndTime "10:05:16 PDT"]
[Termination "nitpicker won on time"]

1. e4 c5 2. Nf3 Nc6 3. d4 cxd4 4.
Nxd4 Nf6 5. Nc3 d6 6. Be2 e6 7. O-O a6 8. a4 Bd7 9. Be3 Be7 10.
Nb3 b6 11. f4 Qc7 12. Kh1 Bc8 13. Bf3 Bb7 14. Qd2 O-O 15. Rae1 Nd7 16. Bg1 Rfe8 17.
Ne2 Rac8 18. c3 Nc5 19. Nxc5 bxc5 20. Ng3 Bf8 21. f5 Ne5 22. b3 Rb8 23. Qg5 Qe7 24. Qd2 Bc6 25. Nh5 g6 26. f6 Qd8 27. Qg5 h6 28. Qg3 Kh7 29. Nf4 Qxf6 30. Bd1 Qg5 31.
Qe3 Rxb3 32. Bxb3 c4 33. Bd1 Bg7 34. Nh3 Qh4 35. Nf2 h5 36. g3 Qe7 37. Nh3 Bh6 38. Qe2 f5 39. Be3 Bxe4+ 40. Kg1 Bd3 41. Qd2 Bxf1 42. Rxf1 Ng4 43. Bxh6 Nxh6 44. Ng5+ Kg7 45. Re1 e5 46. a5 f4 47. Ba4 Qxg5 48. Bxe8 Qg4 49.
Qf2 Nf5 50. Kg2 fxg3 51. hxg3 h4 0-1

[Event "Early-Titled-Tuesday-Blitz-October-10-2023"]
[Site "Chess.com"]
[Date "2023.10.10"]
[Round "11"]
[White "emeli_chess"]
[Black "Herman-NY"]
[Result "1/2-1/2"]
[WhiteElo "2406"]
[BlackElo "2537"]
[TimeControl "180+1"]
[EndTime "10:05:17 PDT"]
[Termination "Game drawn by repetition"]

1. d4 Nf6 2. c4 g6 3. Nc3 Bg7 4.
e4 d6 5. f3 O-O 6. Be3 e5 7.
d5 Nh5 8. Qd2 Qh4+ 9. Bf2 Qe7 10. O-O-O f5 11. exf5 gxf5 12. Nge2 a6 13. h3 b5 14. g4 Nf4 15. Nxf4 exf4 16. Bd4 Nd7 17. Bxg7 Qxg7 18. Bd3 Ne5 19. Bxf5 bxc4 20. Kb1 Rb8 21. Ka1 Bxf5 22. gxf5 Rxf5 23. Rhg1 Rg5 24. Rxg5 Qxg5 25. Ne4 Qg7 26. Qd4 Kh8 27. Rg1 Qh6 28. Ng5 Rf8 29. Ne6 Rf7 30. Qa7 Ng6 31. Qb8+ Nf8 32. Nxf8 Qxf8 33.
Qb4 Rf5 34. Qxc4 Qf7 35. Qc6 h6 36. a3 Rxd5 37. Qa8+ Kh7 38. Qd8 Rf5 39. Qc8 Re5 40. Rg4 Rf5 41. Qb7 Rf6 42. Rg1 Kh8 43. Re1 Kh7 44.
Qc8 Rf5 45. Re8 Re5 46. Rh8+ Kg6 47. Rg8+ Kh7 48. Rh8+ Kg6 49. Rg8+ Kh7 50. Rh8+ 1/2-1/2

[Event "Early-Titled-Tuesday-Blitz-October-10-2023"]
[Site "Chess.com"]
[Date "2023.10.10"]
[Round "11"]
[White "WindWhistler11"]
[Black "karinachess1"]
[Result "1-0"]
[WhiteElo "2510"]
[BlackElo "2615"]
[TimeControl "180+1"]
[EndTime "10:05:18 PDT"]
[Termination "WindWhistler11 won by resignation"]

1. a3 e5 2. g3 d5 3. Bg2 Nf6 4. d3 Bd6 5. Nd2 O-O 6. c4 c6 7. b3 Be6 8. Bb2 Nbd7 9. Ngf3 h6 10. Qc2 Re8 11. e3 a5 12. O-O Qe7 13. Bc3 Bf5 14. e4 Bh7 15. Rfe1 d4 16. Bb2 c5 17.
Nh4 Rf8 18. Nf5 Qe6 19. Bh3 Bxf5 20. exf5 Qe7 21. Bg2 Rab8 22. Re2 Rfe8 23. Rae1 Qd8 24. h3 h5 25. Bc1 Nf8 26. Nf3 Qd7 27. Nh4 b5 28. Bd2 a4 29. bxa4 bxa4 30. Bf3 Rb3 31. g4 hxg4 32. hxg4 e4 33. Bxe4 Nxg4 34. Bc1 Qc7 35. Qd2 Nh7 36. Bd5 Rxe2 37. Qxe2 Nhf6 38. Ng6 Rb8 39. f3 Bh2+ 40. Kh1 Qg3 41. fxg4 Qh3 42. Bxf7+ Kh7 43. Qxh2 Qxh2+ 44. Kxh2 Nxg4+ 45. Kg3 Nh6 46. Bxh6 Kxh6 47. Kf4 1-0

[Event "Early-Titled-Tuesday-Blitz-October-10-2023"]
[Site "Chess.com"]
[Date "2023.10.10"]
[Round "11"]
[White "invisible_s0ul"]
[Black "JiiHart"]
[Result "0-1"]
[WhiteElo "2289"]
[BlackElo "2202"]
[TimeControl "180+1"]
[EndTime "10:05:18 PDT"]
[Termination "JiiHart won on time"]

1. d4 d5 2. f4 c5 3. e3 Nc6 4. Nf3 Bg4 5. c3 e6 6. Be2 Nf6 7. Nbd2 Bd6 8. h3 Bxf3 9. Nxf3 Qc7 10. Bd2 Ne4 11. Ne5 Ng3 12. Rg1 O-O 13. Bd3 f6 14.
Ng4 cxd4 15. cxd4 Nb4 16. Bxb4 Bxb4+ 17. Kf2 Ne4+ 18. Bxe4 dxe4 19. Qb3 Qe7 20. f5 Rac8 21. Rac1 Rfe8 22. Qxe6+ Qxe6 23. fxe6 h5 24. Nh2 Rxc1 25. Rxc1 Rxe6 26. Nf1 h4 27. a3 Bd6 28. Rc8+ Kf7 29.
Rh8 Be7 30. Rxh4 f5 31. Rh8 Rb6 32. b4 Ra6 33. Rb8 b6 34. Ng3 g6 35. Ne2 Rxa3 36.
b5 Rb3 37. Rb7 Rxb5 38. Rxa7 Rb2 39. g4 b5 40. Rb7 Ke6 41. Kf1 fxg4 42. hxg4 Bh4 43.
Nf4+ Kd6 44. Nxg6 Bg3 45. Nf4 b4 46. Ne2 Bh4 47. Nf4 b3 48. g5 Rb1+ 49. Kg2 b2 0-1

[Event "Early-Titled-Tuesday-Blitz-October-10-2023"]
[Site "Chess.com"]
[Date "2023.10.10"]
[Round "11"]
[White "krzyzan94"]
[Black "kirillshevchenko"]
[Result "1-0"]
[WhiteElo "2791"]
[BlackElo "2956"]
[TimeControl "180+1"]
[EndTime "10:05:19 PDT"]
[Termination "krzyzan94 won on time"]

1. e4 e6 2. d4 d6 3. Nc3 g6 4. h4 h6 5. h5 g5 6. f4 Bg7 7. fxg5 hxg5 8. Be3 Nc6 9. Qd2 g4 10.
O-O-O Bd7 11. Kb1 Qf6 12. Nge2 Bh6 13. Ng3 O-O-O 14. Be2 Qg7 15. Rhf1 Nf6 16. Bb5 Na5 17. Bxh6 Rxh6 18. Bxd7+ Rxd7 19. Nb5 Nc6 20. d5 Ne5 21. Nxa7+ Kd8 22. Qb4 Nxh5 23. Nxh5 Rxh5 24. Qxb7 exd5 25. Qa8+ Ke7 26. Nc8+ Ke8 27. Nxd6+ Ke7 28. Nc8+ Ke8 29. Nd6+ Ke7 30. Nf5+ Rxf5 31. Qa3+ Ke8 32. exf5 f6 33. Rfe1 Kf7 34. Qb3 c6 35. c4 Kg8 36. cxd5 Rb7 37. Qc3 Qh7 38. dxc6 Qxf5+ 39. Ka1 Rc7 40. Rc1 Rxc6 41.
Qb3+ Kg7 42. Rxc6 Nxc6 43. Qb7+ Kg6 44. Qxc6 Qf2 45. Qe4+ Kg7 46. Qe7+ Kg6 47. Qe2 Qf4 48. Qe4+ 1-0

[Event "Early-Titled-Tuesday-Blitz-October-10-2023"]
[Site "Chess.com"]
[Date "2023.10.10"]
[Round "11"]
[White "HrvojeZagreb"]
[Black "deribas12345"]
[Result "1-0"]
[WhiteElo "2364"]
[BlackElo "2575"]
[TimeControl "180+1"]
[EndTime "10:05:20 PDT"]
[Termination "HrvojeZagreb won by resignation"]

1. d4 Nf6 2. Bf4 c5 3. d5 d6 4. Nc3 a6 5. a4 Qb6 6. Rb1 g6 7.
Qd2 Nbd7 8. e4 Bg7 9. Nf3 O-O 10. Bh6 Qb4 11. Bd3 b5 12. h4 c4 13. Be2 bxa4 14. h5 a3 15. bxa3 Bxh6 16. Rxb4 Bxd2+ 17. Kxd2 Nxh5 18. Bxc4 Nc5 19. Nd4 Bd7 20. Nc6 Rfe8 21. e5 Bxc6 22. dxc6 dxe5 23. Re1 Rac8 24. Bd5 e6 25. Bf3 f6 26. Rc4 e4 27. Bxh5 Red8+ 28. Kc1 Rxc6 29. Nxe4 Kf7 30. Rxc5 Rxc5 31. Nxc5 gxh5 32.
Nd3 e5 33. Rh1 Kg6 34. g3 Rc8 35. Kd2 Rc4 36. c3 Ra4 37. Ke3 Rxa3 38. Kd2 Ra2+ 39.
Ke3 Rc2 40. f4 Rxc3 41. fxe5 fxe5 42. Kd2 Rc4 43. Nxe5+ Kg5 44. Nxc4 Kg4 45. Rh4+ Kxg3 46. Rxh5 1-0

[Event "Early-Titled-Tuesday-Blitz-October-10-2023"]
[Site "Chess.com"]
[Date "2023.10.10"]
[Round "11"]
[White "hakanazeri2"]
[Black "Tsyhanchuk_Stanislav"]
[Result "1-0"]
[WhiteElo "2603"]
[BlackElo "2457"]
[TimeControl "180+1"]
[EndTime "10:05:23 PDT"]
[Termination "hakanazeri2 won by checkmate"]

1. Nf3 Nf6 2. c4 e6 3. d4 d5 4. g3 dxc4 5. Bg2 Nc6 6. O-O Rb8 7. a4 a6 8. Bg5 Be7 9. Nc3 O-O 10. e3 b5 11.
Bxf6 Bxf6 12. axb5 axb5 13. Nd2 Nb4 14. Nde4 Be7 15. b3 f5 16. Nd2 cxb3 17. Nxb3 Bb7 18. Bxb7 Rxb7 19. Qf3 c6 20. Rfc1 Nd5 21. Nxd5 cxd5 22.
Rc6 Rb6 23. Rc2 b4 24. Ra7 Bd6 25. h4 Qb8 26. Rd7 Rb7 27. Rxb7 Qxb7 28. Qd1 Ra8 29. Qb1 Qb8 30. Kg2 e5 31. dxe5 Bxe5 32. Qd1 Qb7 33. Nc5 Qf7 34. Nb3 Bc3 35. Qd3 Qb7 36.
Qxf5 d4+ 37. Kh2 Rf8 38. Qe6+ Kh8 39. Qd6 Qf3 40. Nxd4 Bxd4 41. Qxd4 b3 42. Rb2 Qf5 43. e4 Qf7 44. e5 Qf3 45. e6 Re8 46. Qd7 Qf8 47.
f4 Rd8 48. e7 Rxd7 49. exf8=Q# 1-0

[Event "Early-Titled-Tuesday-Blitz-October-10-2023"]
[Site "Chess.com"]
[Date "2023.10.10"]
[Round "11"]
[White "boasovietica"]
[Black "InitiatingASC"]
[Result "1-0"]
[WhiteElo "2513"]
[BlackElo "2357"]
[TimeControl "180+1"]
[EndTime "10:05:23 PDT"]
[Termination "boasovietica won by resignation"]

1. e4 c5 2. Nf3 Nc6 3. Nc3 Nf6 4. d4 cxd4 5. Nxd4 e5 6. Ndb5 h6 7. Nd6+ Bxd6 8. Qxd6 Qe7 9. Qxe7+ Kxe7 10. Be3 Rd8 11. f3 d6 12. Bc4 Be6 13. Bb3 Bxb3 14. axb3 d5 15. Bc5+ Ke6 16. exd5+ Nxd5 17. O-O-O Nxc3 18. bxc3 b6 19. Be3 Rxd1+ 20. Rxd1 Rd8 21. Re1 Ne7 22. Kb2 Nd5 23. Bc1 Kf5 24. g3 f6 25. c4 Nc7 26.
Be3 Ne6 27. Ra1 Rd7 28. Kc3 Ng5 29. Rf1 Ne6 30. h4 Nd4 31. g4+ Ke6 32. Rf2 Nc6 33. f4 exf4 34. Bxf4 g5 35. hxg5 hxg5 36. Re2+ Kf7 37. Be3 Re7 38. Kd2 Ne5 39. Rg2 Nf3+ 40. Ke2 Ne1 41. Kxe1 Rxe3+ 42. Kd2 Re4 43. Kd3 Rf4 44.
b4 Ke6 45. Re2+ Kd6 46. Re4 Rxe4 47. Kxe4 a5 48. c5+ Kc6 49. cxb6 a4 50. Kd3 Kxb6 51.
c4 Kc6 52. b5+ Kd6 53. b6 f5 54. gxf5 g4 55. b7 Kc7 56. b8=Q+ Kxb8 57. f6 g3 58. f7 g2 59. f8=Q+ Kb7 60. Qg7+ 1-0